 Dungeon Crawl Stone Soup version 0.31-a0-1603-gbec6b6ccbf (webtiles) character file.

Game seed: 15365309659030114282

518 grandjackal the Trooper (level 7, -1/56 HPs)
             Began as a Demonspawn Gladiator on Jan 8, 2024.
             Was a Follower of Fedhas.
             Slain by Edmund
             ... wielding a +2 flail of venom
              (5 damage)
             ... on level 5 of the Dungeon.
             The game lasted 00:04:13 (3134 turns).

grandjackal the Trooper (Demonspawn Gladiator)      Turns: 3134, Time: 00:04:16

Health: -1/56      AC: 12    Str: 16    XL:     7   Next: 1%
Magic:  9/9        EV: 11    Int:  9    God:    Fedhas [*.....]
Gold:   210        SH:  0    Dex: 20    Spells: 6/6 levels left

rFire   . . .        a - +0 war axe
rCold   + . .        (no shield)
rNeg    . . .        q - +0 scale mail
rPois   .            c - +0 helmet
rElec   .            n - +0 cloak
rCorr   .            (no gloves)
SInv    .            (no boots)
Will    +....        (no amulet) Stlth
                     g - +6 ring of dexterity
HPRegen 0.29/turn    (no ring)
MPRegen 0.11/turn

%: no passive effects
@: mighty, lethally poisoned (-1 -> -7), attractive, enlightened, flying,
hasted, invisible, very quick
A: claws 2, icy blue scales 3, corrupting presence 1
a: Renounce Religion


You were on level 5 of the Dungeon.
You worshipped Fedhas.
Fedhas was aware of your devotion.
You visited 1 branch of the dungeon, and saw 5 of its levels.

You collected 210 gold pieces.

Inventory:

Hand Weapons
 a - a +0 war axe (weapon)
Missiles
 d - 2 throwing nets (quivered)
 e - a javelin
 l - 4 curare-tipped darts
Armour
 c - a +0 helmet (worn)
 n - a +0 cloak (worn)
 q - a +0 scale mail (worn)
Jewellery
 g - a +6 ring of dexterity (left claw)
 r - a +6 ring of intelligence
Scrolls
 h - a scroll of identify {unknown}
 j - 2 scrolls of teleportation {unknown}
Potions
 f - 2 potions of invisibility
 o - a potion of heal wounds {unknown}


   Skills:
 + Level 5.1 Fighting
 - Level 3.1 Axes
 - Level 2.0 Throwing
 - Level 3.0 Dodging
 + Level 3.8 Unarmed Combat
 + Level 2.8 Invocations


You had 6 spell levels left.
You didn't know any spells.
Your spell library contained the following spells:

 Spells                   Type           Power      Damage    Failure   Level
 Apportation              Tloc           0%         N/A       83%         1
 Kiss of Death            Conj/Necr      0%         2d5       83%         1
 Magic Dart               Conj           0%         1d3       83%         1
 Necrotise                Necr           0%         1d4       83%         1
 Sting                    Conj/Alch      0%         1d3       83%         1
 Summon Small Mammal      Summ           0%         N/A       83%         1
 Searing Ray              Conj           0%         2d4       93%         2
 Static Discharge         Conj/Air       0%         3-3/arc   93%         2
 Call Canine Familiar     Summ           0%         N/A       99%         3
 Confusing Touch          Hex            0%         N/A       99%         3
 Hailstorm                Conj/Ice       0%         3d5       99%         3
 Ozocubu's Armour         Ice            0%         N/A       99%         3
 Sigil of Binding         Hex            0%         N/A       99%         3
 Summon Ice Beast         Ice/Summ       0%         N/A       99%         3
 Tukima's Dance           Hex            0%         N/A       99%         3
 Vampiric Draining        Necr           0%         2d6       99%         3
 Airstrike                Air            0%         2d(0-16)  100%        4
 Dimensional Bullseye     Hex/Tloc       0%         N/A       100%        4
 Dispel Undead            Necr           0%         3d6       100%        4
 Fulminant Prism          Conj/Alch      0%         3d5       100%        4
 Iskenderun's Mystic Bla  Conj/Tloc      0%         2d3       100%        4
 Martyr's Knell           Necr/Summ      0%         N/A       100%        4
 Passage of Golubria      Tloc           0%         N/A       100%        4
 Summon Lightning Spire   Summ/Air       0%         N/A       100%        4
 Curse of Agony           Necr           0%         N/A       100%        5
 Metabolic Englaciation   Hex/Ice        0%         N/A       100%        5
 Silence                  Hex/Air        0%         N/A       100%        5
 Sculpt Simulacrum        Ice/Alch       0%         N/A       100%        6
 Malign Gateway           Summ/Tloc      0%         N/A       100%        7
 Lehudib's Crystal Spear  Conj/Erth      0%         10d2      100%        8
 Summon Horrible Things   Summ           0%         N/A       100%        8


Dungeon Overview and Level Annotations

Branches:
Dungeon (5/15)             Temple (0/1) D:4

Altars:
Fedhas
Kikubaaqudgha
Qazlal

Annotations:
D:5 Edmund


Innate Abilities, Weirdness & Mutations

You have very sharp fingernails.
You are completely covered in icy blue scales. (AC +4, rC+)
Your presence sometimes corrodes those you injure.


Message History

Throw: 3 throwing nets
Press: ? - help, Q - select action, (/) - cycle Shift-Dir - straight line, f - Edmund
Aim: Edmund, wielding a +2 flail of venom and wearing a +0 scale mail (66% to hit)
You throw a throwing net. The throwing net hits Edmund.
Edmund is caught in the net!
You feel very sick.
Edmund struggles against the net.
Unknown command.
It was a potion of invisibility.
You fade into invisibility!
* * * LOW HITPOINT WARNING * * *
You feel very sick.
Edmund struggles against the net.
It was a potion of haste.
You feel yourself speed up.
* * * LOW HITPOINT WARNING * * *
You feel very sick.
Edmund struggles against the net.
It was a potion of enlightenment.
You feel very buoyant.
You fly up into the air.
* * * LOW HITPOINT WARNING * * *
You feel sick.
Edmund struggles against the net.
It was a potion of attraction.
You feel attractive to monsters.
* * * LOW HITPOINT WARNING * * *
You feel sick. The orc is attracted toward you.
The orc wizard is attracted toward you.
It was a potion of might.
You feel very mighty all of a sudden.
* * * LOW HITPOINT WARNING * * *
You feel sick.
Edmund struggles against the net.
The net rips apart, and Edmund comes free!
It was a potion of magic.
Magic courses through your body.
* * * LOW HITPOINT WARNING * * *
You feel sick.
The killer bee buzzes angrily.
Edmund hits you with a +2 flail of venom.
You die...
Edmund whines, "They better pay attention to me now!"
Fedhas appreciates your contribution to the ecosystem.

####.##.#.#.##
#.###....# #.#
##.#..... ...# ..#
#.###### #..# # ###
#.### #..# .. #...#
#..## ...
###.#.######...#.o..
#.........##...o...
#..###.###o@#...#
#..# #######o@.# #.#
#.# #.###§## #. #..
#..y##§# # #.
#.#y##.# #. #...##.#
. y#. .#.# !.. #.#
#. #©.


You could see Edmund (unable to see you), a hornet (unable to see you), a killer
bee (wandering, unable to see you), an orc wizard (unable to see you) and an orc
(unable to see you).

Vanquished Creatures
  Sigmund (D:3)
  A phantom (D:4)
  A hound (D:4)
  A jelly (D:5)
  Crazy Yiuf (D:3)
  An orc priest (D:3)
  7 adders
  2 dart slugs
  4 orcs (D:3)
  11 endoplasms
  8 giant cockroaches
  8 hobgoblins
  2 jackals (D:3)
  5 kobolds
  5 quokkas
  9 ball pythons
  2 bats (D:3)
  2 frilled lizards
  6 goblins
  5 rats
82 creatures vanquished.

Notes
Turn   | Place    | Note
-------+----------+-------------------------------------------
     0 | D:1      | grandjackal the Demonspawn Gladiator began the quest for
                  | the Orb.
     0 | D:1      | Reached XP level 1. HP: 16/16 MP: 1/1
    98 | D:1      | Gained mutation: You are partially covered in icy blue
                  | scales. (AC +2) [demonic ancestry]
    98 | D:1      | Reached XP level 2. HP: 18/22 MP: 2/2
   283 | D:1      | Found a faded altar of an unknown god.
   645 | D:1      | Gained mutation: You have sharp fingernails. [demonic
                  | ancestry]
   645 | D:1      | Reached XP level 3. HP: 28/28 MP: 3/3
   915 | D:2      | Found an ancient bone altar of Kikubaaqudgha.
   978 | D:2      | Reached skill level 3 in Fighting
   978 | D:2      | Reached skill level 1 in Unarmed Combat
  1164 | D:2      | Gained mutation: You have very sharp fingernails. [demonic
                  | ancestry]
  1164 | D:2      | Reached XP level 4. HP: 35/35 MP: 4/4
  1456 | D:3      | Noticed Sigmund
  1466 | D:3      | Killed Sigmund
  1467 | D:3      | Reached skill level 4 in Fighting
  1467 | D:3      | Gained mutation: You are mostly covered in icy blue scales.
                  | (AC +3) [demonic ancestry]
  1467 | D:3      | Reached XP level 5. HP: 14/43 MP: 5/5
  1590 | D:3      | Found a blossoming altar of Fedhas.
  1654 | D:3      | Gained mutation: You are completely covered in icy blue
                  | scales. (AC +4, rC+) [demonic ancestry]
  1654 | D:3      | Reached XP level 6. HP: 49/49 MP: 6/6
  1671 | D:3      | Found a stormy altar of Qazlal.
  1676 | D:3      | Became a worshipper of Fedhas Madash
  1884 | D:3      | Reached skill level 1 in Invocations
  1904 | D:3      | Found a runed translucent door.
  1905 | D:3      | Noticed Crazy Yiuf
  2330 | D:3      | Killed Crazy Yiuf
  2531 | D:4      | Found a staircase to the Ecumenical Temple.
  2664 | D:4      | Reached * piety under Fedhas
  2886 | D:4      | Reached skill level 5 in Fighting
  2997 | D:5      | Entered Level 5 of the Dungeon
  3049 | D:5      | Gained mutation: Your presence sometimes corrodes those you
                  | injure. [demonic ancestry]
  3049 | D:5      | Reached XP level 7. HP: 56/56 MP: 9/9
  3123 | D:5      | Noticed Edmund
  3123 | D:5      | Noticed a hornet
  3134 | D:5      | Slain by Edmund

Illustrated notes

Levels and vault maps discovered:
D:1:      dreamdust_arrival_sigmund_warning, layout_basic, serial_corexii_hall,
          chequers_hall_statues_y, chequers_hall_statues_corner_a,
          chequers_hall_statues_corner_a, chequers_hall_statues_y,
          hellmonk_ecumenical_altar_pennies_from_heaven
D:2:      layout_basic, basic_altar, nicolae_elevator_lobby_asterisk
D:3:      layout_basic, grunt_temple_overflow_forces_of_nature,
          kennysheep_generic_room_6, uniq_crazy_yiuf_cottage, uniq_sigmund
D:4:      layout_rooms, minmay_temple_entry_junction
D:5:      layout_loops_ring, gammafunk_ghost_hive, uniq_edmund, uniq_menkaure

Skill      XL: |  1  2  3  4  5  6 |
---------------+-------------------+-----
Throwing       | 2 |  2.0
Axes           | 3 |  3.1
Dodging        | 3 |  3.0
Fighting       | 3 4 5 |  5.1
Unarmed Combat | 1 3 |  3.8
Invocations    | 2 |  2.8

Action                     |  1- 3 |  4- 6 |  7- 9 || total
---------------------------+-------+-------+-------++-------
  Melee: War axe           |   113 |   162 |       ||   275
         Punch             |     2 |     4 |       ||     6
  Throw: Throwing net      |       |       |     1 ||     1
    Use: Potion            |       |       |     6 ||     6
   Stab: Sleeping          |     1 |       |       ||     1
 Armour: Leather armour    |    20 |       |       ||    20
         Ring mail         |    55 |   120 |       ||   175
         Scale mail        |       |     2 |     3 ||     5
  Dodge: Dodged            |    90 |   112 |       ||   202

Table legend: (Time is in decaauts)
 A = Elapsed time spent in this place.
 B = Non-inter-level travel time spent in this place.
 C = Inter-level travel time spent in this place.
 D = Time resting spent in this place.
 E = Time spent auto-exploring this place.
 F = Levels seen in this place.
 G = Mean time per level.
                   A        B        C        D        E       F      G
               +--------+--------+--------+--------+--------+-----+--------+
         Total |   3232 |   3146 |     86 |    381 |   2047 |   5 |  646.4 |
       Dungeon |   3232 |   3146 |     86 |    381 |   2047 |   5 |  646.4 |
               +--------+--------+--------+--------+--------+-----+--------+

Top non-repeatable levels by time:
     D:3: 1194 daAuts
     D:1: 868 daAuts
     D:2: 542 daAuts
     D:4: 490 daAuts
     D:5: 137 daAuts
